 Dungeon Crawl Stone Soup version 0.29-a0-323-g050149af67 (webtiles) character file.

Game seed: 2136706320015346635

7647 enile the Covert (level 10, -3/79 HPs)
             Began as a Vampire Brigand on Apr 12, 2022.
             Was an Elder of Uskayaw.
             Slain by an orc warrior
             ... wielding a +0 halberd
              (18 damage)
             ... on level 9 of the Dungeon.
             The game lasted 00:28:47 (12322 turns).

enile the Covert (Vampire Brigand)                 Turns: 12322, Time: 00:28:48

Health: -3/79      AC: 14    Str:  7    XL:     10   Next: 99%
Magic:  14/14      EV: 10    Int: 20    God:    Uskayaw [****..]
Gold:   500        SH:  0    Dex: 18    Spells: 11/13 levels left

rFire   + . .      SeeInvis +   y - +1 long sword (elec)
rCold   x . .      Faith    .   (no shield)
rNeg    + . .      Spirit   .   k - +5 scale mail of Duck's Teeth {+Inv}
rPois   .          Reflect  .   (no helmet)
rElec   .          Harm     .   r - +2 cloak of the Thief {*Fog Slay-2 SInv Stlth+}
rCorr   .          Rampage  .   (no gloves)
Will    +....                   (no boots)
Stlth   ++++++....              g - amulet of regeneration
HPRegen 1.23/turn               s - ring "Quaphame" {Fire +Blink rN+ Str+2 Dex-2}
MPRegen 0.14/turn               i - ring "Hiotiedo" {*Slow Str-5 Int+6 Slay+6 Stlth+}

@: healing quickly
A: alive, fangs 3, see invisible, vampiric 2
a: Exsanguinate, Renounce Religion, Evoke Blink, Evoke Invisibility, Stomp, Line
Pass


You were on level 9 of the Dungeon.
You worshipped Uskayaw.
Uskayaw was noncommittal.
You visited 2 branches of the dungeon, and saw 10 of its levels.
You also visited: Sewer and Bailey.

You collected 500 gold pieces.

Inventory:

Hand Weapons
 a - a +2 dagger of protection
 f - a +1 vampiric halberd
 n - a +4 whip
 q - a +0 vorpal great sword
 y - a +1 long sword of electrocution (weapon)
 C - a +1 dagger of venom
 T - a +0 scimitar of draining
Missiles
 d - 8 poisoned darts (quivered)
 e - a curare-tipped dart
 X - 2 javelins
Armour
 b - a +0 robe
 c - a +0 cloak
 k - the +5 scale mail of Duck's Teeth (worn) {+Inv}
   (You found it in a bailey)

   +Inv:      It lets you turn invisible.
 p - a +2 robe of fire resistance
 r - the +2 cloak of the Thief (worn) {*Fog Slay-2 SInv Stlth+}
   (You acquired it on level 3 of the Dungeon)

   It may release a thick cloud of smoke when the wearer is hurt.
   Slay:      It affects your accuracy & damage with ranged weapons and melee
   (-2).
   SInv:      It lets you see invisible.
   Stlth:     It makes you more stealthy.
 B - a +4 plate armour of fire resistance
 O - the +0 plate armour "Turammown" {Harm rCorr MP+9 Int-5}
   (You found it in a bailey)

   Int:       It affects your intelligence (-5).
   MP:        It affects your magic capacity (+9).
   rCorr:     It protects you from acid and corrosion.
   Harm:      It increases damage dealt and taken.
Jewellery
 g - an amulet of regeneration (around neck)
 i - the ring "Hiotiedo" (right hand) {*Slow Str-5 Int+6 Slay+6 Stlth+}
   (You acquired it on level 3 of the Dungeon)

   [ring of intelligence]

   Str:       It affects your strength (-5).
   Int:       It affects your intelligence (+6).
   Slay:      It affects your accuracy & damage with ranged weapons and melee
   (+6).
   *Slow:     It may slow you when you take damage.
   Stlth:     It makes you more stealthy.
 o - an amulet of guardian spirit
 s - the ring "Quaphame" (left hand) {Fire +Blink rN+ Str+2 Dex-2}
   (You acquired it on level 3 of the Dungeon)

   [ring of fire]

   It enhances your fire magic.
   Str:       It affects your strength (+2).
   Dex:       It affects your dexterity (-2).
   rF:        It protects you from fire.
   rC:        It makes you vulnerable to cold.
   rN:        It protects you from negative energy.
   +Blink:    It lets you blink.
 x - a +6 ring of dexterity
 D - a ring of poison resistance
 F - an amulet of reflection
 N - an amulet of faith
 U - an amulet of the acrobat
Wands
 M - a wand of flame (18)
 Q - a wand of polymorph (26)
Scrolls
 w - 3 scrolls of enchant armour
 E - a scroll of noise
 I - a scroll of brand weapon
 L - 2 scrolls of amnesia
 R - a scroll of silence
 Y - 3 scrolls of vulnerability {unknown}
 Z - a scroll of fear {unknown}
Potions
 h - 3 potions of magic
 j - a potion of resistance
 l - 3 potions of flight
 m - 8 potions of curing
 t - a potion of invisibility {unknown}
 u - 2 potions of attraction {unknown}
 v - 3 potions of mutation {unknown}
 z - 2 potions of lignification {unknown}
 A - 2 potions of brilliance {unknown}
 G - a potion of berserk rage {unknown}
 H - 2 potions of degeneration {unknown}
 J - 3 potions of haste {unknown}
 K - a potion of cancellation {unknown}
 P - 3 potions of heal wounds


   Skills:
 - Level 7.0 Fighting
 - Level 4.5(5.9) Short Blades
 - Level 5.2(6.0) Long Blades
 - Level 1.5 Throwing
 - Level 8.0 Dodging
 - Level 11.0 Stealth
 - Level 2.0 Spellcasting
 - Level 2.0 Earth Magic
 + Level 6.1 Invocations
 - Level 6.0 Evocations


You had 11 spell levels left.
You knew the following spells:

 Your Spells              Type           Power      Damage    Failure   Level
a - Passwall              Tmut/Erth      5%         N/A       91%         2

Your spell library contained the following spells:

 Spells                   Type           Power      Damage    Failure   Level
 Sting                    Tmut/Pois      8%         1d3       91%         1
 Ensorcelled Hibernation  Hex/Ice        4%         N/A       97%         2
 Poisonous Vapours        Pois/Air       4%         N/A       97%         2
 Gell's Gravitas          Tloc           2%         N/A       99%         3
 Ignite Poison            Fire/Tmut/Pois 3%         N/A       99%         3
 Lesser Beckoning         Tloc           2%         N/A       99%         3
 Mephitic Cloud           Conj/Pois/Air  2%         N/A       99%         3
 Swiftness                Air            2%         N/A       99%         3
 Teleport Other           Tloc           2%         N/A       99%         3
 Olgreb's Toxic Radiance  Pois           2%         N/A       100%        4
 Freezing Cloud           Conj/Ice/Air   1%         6-21      100%        5
 Dispersal                Tloc           1%         N/A       100%        6


Dungeon Overview and Level Annotations

Branches:
Dungeon (9/15)             Temple (1/1) D:6           Sewer (visited)
 Bailey (visited)
   Lair: D:8-11         Orc: D:9-12

Altars:
Ashenzari
Cheibriados
Dithmenos
Elyvilon
Fedhas
Gozag
Hepliaklqana
Kikubaaqudgha
Makhleb
Okawaru
Qazlal
Ru
Sif Muna
Trog
Uskayaw
Vehumet
Wu Jian
Xom
Zin

Annotations:
D:8 2 runed translucent doors, rabbitsville's ghost, novice MiHu


Innate Abilities, Weirdness & Mutations

Your natural rate of healing is accelerated.
You have razor-sharp teeth.
You have supernaturally acute eyesight. (SInv)
You are afflicted with vampirism and can become a bat while bloodless.


Message History

The hell rat closely misses you.
As you read the scroll of identify, it crumbles to dust.
V - a scroll of immolation The hell rat barely misses you.
As you read the scroll of immolation, it crumbles to dust.
The creatures around you are filled with an inner flame!
The hell rat barely misses you. The hell rat misses you.
You slash the hell rat!
Lightning courses through the hell rat!!
The hell rat explodes!
The fiery explosion engulfs the yak!!
Flame seeps out of the yak.
The yak is heavily wounded.
The fiery explosion engulfs you!! You resist.
You are engulfed in blazing flames.
You resist.
You hear a bellow! x2; You hear a shout! x5
Uskayaw will force your foes to share their pain.
Uskayaw links your audience in an emotional bond!
Your Invocations skill increases to level 6!
The yak gores you but does no damage.
The orc warrior hits you from afar with a +0 halberd.
You hit the yak.
Flame seeps out of the yak.
Lightning courses through the yak!
The yak explodes!
The fiery explosion engulfs you! You resist.
* * * LOW HITPOINT WARNING * * *
You hear a bellow!
You hear a shout!
You hear a bellow!
You hear a shout!
Okay, then.
Press: ? - help, v - describe, . - travel
Here: an orc warrior, wielding a +0 halberd and wearing a +0 chain mail (blue smoke, moderately wounded)
The floor, spattered with blood. 2 orcs come into view.
Okay, then.
Okay, then.
Okay, then.
Aiming: Line Pass
Press: ? - help, Dir - move target
Okay, then.
The orc hits you with a +0 flail.
* * * LOW HITPOINT WARNING * * *
The orc warrior hits you from afar with a +0 halberd!!
You die...

....r# ## #.Y§# # .##
#YY# .# oK ..#
##§####.#'# †.#
##§§Y§#KKo#
#.####.§§#§o.8K#
#......§##§#...#
##.....###§##########.##
###...# #.§§§o§@oo.....
#..## ###############
#.## ### #### ...# ...##
#...# ##..#


You could see an orc warrior and 2 orcs.

Vanquished Creatures
  An ugly thing (D:8)
  A cyclops (D:8)
  A gargoyle (Bailey)
  2 kobold demonologists
  A troll (D:8)
  A culicivora (shapeshifter) (D:8)
  2 yaks
  A vampire (Bailey)
  3 hogs (D:7)
  Grum (D:9)
  A human (D:7)
  A steam dragon (D:7)
  5 sky beasts
  4 orc warriors
  A black bear (D:7)
  3 ogres
  4 wolves
  A centaur (D:8)
  A gnoll sergeant (D:7)
  3 bullfrogs (D:8)
  5 scorpions
  8 killer bees
  6 vampire bats (Bailey)
  4 wolf zombies (Bailey)
  7 howler monkeys
  2 hounds
  4 jellies
  2 orc priests
  A gnoll shaman (D:6)
  Terence (D:1)
  4 iguanas
  13 orc wizards
  3 hell rats (D:9)
  7 adders
  16 gnolls
  3 river rats (Sewer)
  2 worms
  3 dart slugs
  38 orcs
  17 endoplasms
  2 giant cockroaches
  19 goblins
  12 hobgoblins
  15 jackals
  6 quokkas
  10 ball pythons
  2 bats
  9 frilled lizards
  13 kobolds
  20 orc zombies (Bailey)
  7 rats
299 creatures vanquished.

Vanquished Creatures (others)
  3 orcs (D:7)
  21 plants (D:2)
24 creatures vanquished.

Grand Total: 323 creatures vanquished

Notes
Turn   | Place    | Note
-------+----------+-------------------------------------------
     0 | D:1      | enile the Vampire Brigand began the quest for the Orb.
     0 | D:1      | Reached XP level 1. HP: 16/16 MP: 1/1
    32 | D:1      | Reached skill level 6 in Stealth
   200 | D:1      | Reached XP level 2. HP: 17/17 MP: 2/2
   426 | D:1      | Reached skill level 7 in Stealth
   920 | D:1      | Found a hazy altar of Hepliaklqana.
  1005 | D:1      | Gained mutation: You are afflicted with vampirism and can
                  | become a bat while bloodless. [Vampire growth]
  1005 | D:1      | Reached XP level 3. HP: 7/21 MP: 3/3
  1833 | D:2      | Noticed Terence
  1852 | D:1      | Killed Terence
  1853 | D:1      | Reached XP level 4. HP: 13/26 MP: 4/4
  2781 | D:3      | Identified 4 scrolls of acquirement
  2782 | D:3      | Acquired a +0 vorpal great sword
  2785 | D:3      | Acquired the +2 cloak of the Thief {*Fog Slay-2 SInv
                  | Stlth+}
  2785 | D:3      | Found the +2 cloak of the Thief {*Fog Slay-2 SInv Stlth+}
  2797 | D:3      | Acquired the ring "Quaphame" {Fire +Blink rN+ Str+2 Dex-2}
  2800 | D:3      | Acquired the ring "Hiotiedo" {*Slow Str-5 Int+6 Slay+6
                  | Stlth+}
  2804 | D:3      | Found an ancient bone altar of Kikubaaqudgha.
  2815 | D:3      | Reached XP level 5. HP: 30/30 MP: 5/5
  2907 | D:3      | Found a glowing drain.
  2916 | Sewer    | Entered a sewer
  3064 | Sewer    | Reached skill level 8 in Stealth
  3481 | D:3      | Noticed a sky beast
  3489 | D:3      | Killed a sky beast
  3490 | D:3      | Reached skill level 5 in Dodging
  3490 | D:3      | Reached XP level 6. HP: 10/35 MP: 2/6
  4950 | D:4      | Reached XP level 7. HP: 31/42 MP: 5/7
  5026 | D:4      | Found a shimmering blue altar of Sif Muna.
  5036 | D:4      | Reached skill level 1 in Long Blades
  5046 | D:4      | Found a broken altar of Ashenzari.
  5641 | D:5      | Entered Level 5 of the Dungeon
  6163 | D:6      | Found a staircase to the Ecumenical Temple.
  6302 | Temple   | Entered the Ecumenical Temple
  6367 | Temple   | Became a worshipper of Uskayaw the Reveller
  6582 | D:5      | Reached * piety under Uskayaw
  6609 | D:5      | Reached ** piety under Uskayaw
  6611 | D:5      | Reached skill level 5 in Fighting
  6611 | D:5      | Reached XP level 8. HP: 45/49 MP: 11/11
  6754 | D:5      | Reached skill level 1 in Invocations
  7061 | D:6      | Reached *** piety under Uskayaw
  7845 | D:6      | Reached skill level 5 in Invocations
  8561 | D:7      | Found a shadowy altar of Dithmenos.
  8597 | D:8      | Noticed a green ugly thing
  8715 | D:8      | Found a flagged portal.
  8860 | Bailey   | Entered a bailey
  8981 | Bailey   | Reached XP level 9. HP: 61/61 MP: 12/12
  9013 | Bailey   | Learned a level 2 spell: Passwall
  9041 | Bailey   | Noticed a gargoyle
  9049 | Bailey   | Killed a gargoyle
  9094 | Bailey   | Reached skill level 1 in Earth Magic
  9202 | Bailey   | Identified the +0 plate armour "Turammown" {Harm rCorr MP+9
                  | Int-5}
  9403 | Bailey   | Identified the +5 scale mail of Duck's Teeth {+Inv}
  9653 | D:8      | Found a large runed translucent door.
  9654 | D:8      | Found a large runed translucent door.
  9691 | D:8      | Reached skill level 1 in Evocations
  9971 | D:8      | Noticed a cyclops
 10000 | D:8      | Killed a cyclops
 10135 | D:7      | Reached **** piety under Uskayaw
 10144 | D:7      | Reached ***** piety under Uskayaw
 10272 | D:7      | Reached skill level 5 in Evocations
 10298 | D:7      | Reached XP level 10. HP: 79/79 MP: 14/14
 10681 | D:8      | Noticed a harpy
 10690 | D:8      | a harpy changed into a yak
 10784 | D:8      | Noticed rabbitsville's ghost (novice MiHu)
 10953 | D:8      | Killed a green ugly thing
 11123 | D:8      | Noticed a salamander
 11123 | D:8      | a raiju changed into a salamander
 11339 | D:9      | Noticed Grum
 11351 | D:9      | Noticed a sun demon
 11357 | D:9      | Reached skill level 5 in Long Blades
 11557 | D:9      | Killed Grum
 11566 | D:8      | Reached skill level 9 in Stealth
 11609 | D:9      | Noticed a soul eater
 11672 | D:9      | Reached skill level 10 in Stealth
 11853 | D:8      | Reached skill level 11 in Stealth
 12121 | D:9      | Found an ornate altar of the Wu Jian Council.
 12300 | D:9      | Noticed a death yak
 12322 | D:9      | Slain by an orc warrior

Illustrated notes

Levels and vault maps discovered:
D:1:      dpeg_arrival_lava_altar, layout_rooms
D:2:      layout_basic, nicolae_grassy_gnolls, uniq_terence
D:3:      kennysheep_the_goblin_king, layout_loops_ring,
          overflow_temple_1_default, cheibrodos_sewer_entry_bend,
          kennysheep_another_room, minmay_pentomino_pile
D:4:      dreamdust_elfheim, layout_basic, kennysheep_mini, old_standard_altar,
          kennysheep_cluttered_room
D:5:      layout_loops_ring
D:6:      layout_gridville, minmay_temple_entry_mini_moons,
          chequers_hall_statues_y
D:7:      layout_rooms, grunt_dithmenos_smoke_and_mirrors, grunt_livestock,
          grunt_decor_mini_mirrors
D:8:      layout_basic, ebering_ghost_disaster_area, enter_bailey_3,
          grunt_potential
D:9:      layout_layer_cave, mainiacjoe_overflow_paths, dpeg_lair_monsters,
          hiddenorc2_lemuel, uniq_grum
Temple:   nicolae_temple_god_jail

Skill      XL: |  1  2  3  4  5  6  7  8  9 10 |
---------------+-------------------------------+-----
Stealth        | 6 7 8 11 | 11.0
Fighting       | 2 3 5 7 |  7.0
Dodging        | 3 4 5 6 8 |  8.0
Long Blades    | 2 5 |  5.2
Spellcasting   | 2 |  2.0
Invocations    | 5 6 |  6.1
Short Blades   | 4 |  4.5
Earth Magic    | 2 |  2.0
Evocations     | 5 6 |  6.0
Throwing       | |  1.5

Action                   |  1- 3 |  4- 6 |  7- 9 | 10-12 || total
-------------------------+-------+-------+-------+-------++-------
Melee: Dagger            |    91 |    85 |   153 |       ||   329
       Bite              |     7 |    12 |    43 |    20 ||    82
       Punch             |     2 |     1 |     3 |     5 ||    11
       Great sword       |       |    80 |    85 |       ||   165
       Long sword        |       |    35 |    86 |   194 ||   315
Throw: Dart              |     8 |     2 |    41 |     5 ||    56
       Throwing net      |       |       |     2 |     3 ||     5
Invok: Stomp             |       |       |     1 |     2 ||     3
 Abil: Exsanguinate      |     1 |       |       |       ||     1
       Evoke Blink       |       |       |     2 |     1 ||     3
       Revivify          |       |       |     1 |       ||     1
Evoke: Wand              |       |       |    10 |     1 ||    11
  Use: Scroll            |     2 |    11 |     6 |     4 ||    23
       Potion            |       |       |     7 |       ||     7
 Stab: Sleeping          |    10 |    22 |    20 |     2 ||    54
       Distracted        |       |     2 |     1 |       ||     3
       Paralysed         |       |       |     9 |     8 ||    17
       Held in net/web   |       |       |       |     1 ||     1
Armor: Robe              |    20 |    61 |    48 |       ||   129
       Scale mail        |       |       |    36 |   165 ||   201
Dodge: Dodged            |    52 |   169 |   269 |   161 ||   651
Block: Other             |       |       |     9 |       ||     9

Table legend: (Time is in decaauts)
 A = Elapsed time spent in this place.
 B = Non-inter-level travel time spent in this place.
 C = Inter-level travel time spent in this place.
 D = Time resting spent in this place.
 E = Time spent auto-exploring this place.
 F = Levels seen in this place.
 G = Mean time per level.
                   A        B        C        D        E       F      G
               +--------+--------+--------+--------+--------+-----+--------+
         Total |  12507 |  12081 |    426 |   1791 |   7483 |  12 | 1042.2 |
       Dungeon |  10753 |  10340 |    413 |   1231 |   6819 |   9 | 1194.8 |
        Temple |    509 |    497 |     12 |    429 |     47 |   1 |  509.0 |
         Sewer |    540 |    540 |      0 |      0 |    356 |   1 |  540.0 |
        Bailey |    704 |    704 |      0 |    131 |    261 |   1 |  704.0 |
               +--------+--------+--------+--------+--------+-----+--------+

Top non-repeatable levels by time:
     D:1: 2135 daAuts
     D:8: 1888 daAuts
     D:6: 1595 daAuts
     D:3: 1366 daAuts
     D:4: 1125 daAuts
     D:5: 739 daAuts
  Bailey: 704 daAuts
     D:7: 660 daAuts
     D:9: 660 daAuts
     D:2: 580 daAuts
   Sewer: 540 daAuts
  Temple: 509 daAuts
